 Dungeon Crawl Stone Soup version 0.28-a0-447-g1f95980246 (webtiles) character file.

Game seed: 8459950158044157569

12184 nicanaca0 the Carver (level 11, -6/95 HPs)
             Began as a Minotaur Berserker on Sept 12, 2021.
             Was a High Priest of Trog.
             Mangled by a skeletal warrior (20 damage)
             ... led by a skeletal warrior
             ... on level 10 of the Dungeon.
             The game lasted 00:19:59 (11835 turns).

nicanaca0 the Carver (Minotaur Berserker)          Turns: 11835, Time: 00:20:00

Health: -6/95      AC: 18    Str: 28    XL:     11   Next: 59%
Magic:  10/10      EV:  8    Int:  9    God:    Trog [*****.]
Gold:   1816       SH: 11    Dex: 11    Spells: 10/10 levels left

rFire   . . .      SeeInvis .   a - +11 rapier "Cookie Cutter" {drain, Int+3}
rCold   . . .      Faith    .   H - +0 buckler
rNeg    . . .      Spirit   .   I - +0 plate armour
rPois   .          Reflect  +   (helmet restricted)
rElec   .          Harm     .   u - scarf {+Inv}
rCorr   .          Rampage  .   A - +2 pair of gloves
Will    .....                   m - +0 pair of boots
Stlth   ..........              K - amulet of reflection
HPRegen 0.25/turn               x - +6 ring of strength
MPRegen 0.12/turn               (no ring)

@: on berserk cooldown, slowed, studying Throwing, very slow
A: horns 2, retaliatory headbutt
a: Renounce Religion, Evoke Invisibility, Berserk, Trog's Hand, Brothers in Arms


You were on level 10 of the Dungeon.
You worshipped Trog.
Trog was extremely pleased with you.
You visited 2 branches of the dungeon, and saw 12 of its levels.

You collected 1906 gold pieces.
You spent 90 gold pieces at shops.

Inventory:

Hand Weapons
 a - the +11 rapier "Cookie Cutter" (weapon) {drain, Int+3}
   (You found it on level 8 of the Dungeon)

   A truly terrible weapon, it drains the life of any living foe it strikes.
   Int:       It affects your intelligence (+3).
 b - a +0 hunting sling
 e - a +2 short sword of electrocution
 v - a +3 great sword
Missiles
 g - 298 stones (quivered)
 h - 6 javelins
 r - 149 sling bullets
 N - 2 silver javelins
 O - 3 poisoned darts
Armour
 m - a +0 pair of boots (worn)
 u - a scarf of invisibility (worn)
 A - a +2 pair of gloves (worn)
 H - a +0 buckler (worn)
 I - a +0 plate armour (worn)
 L - a +0 kite shield
 M - a +2 tower shield
Jewellery
 x - a +6 ring of strength (left hand)
 E - an amulet of regeneration
 K - an amulet of reflection (around neck)
Wands
 o - a wand of flame (43)
 F - a wand of acid (13)
 G - a wand of iceblast (10)
 J - a wand of digging (2)
Scrolls
 f - a scroll of vulnerability {unknown}
 k - 6 scrolls of teleportation {@r2}
 l - 2 scrolls of enchant weapon {unknown}
 p - a scroll of fog
 q - a scroll of enchant armour {unknown}
 s - 2 scrolls of blinking {@r2}
 w - a scroll of magic mapping {unknown}
 y - 2 scrolls of amnesia
 B - 3 scrolls of noise
Potions
 c - 7 potions of heal wounds {@q2}
 d - 3 potions of curing {@q1}
 i - 3 potions of cancellation
 j - a potion of attraction
 n - a potion of ambrosia
 t - a potion of mutation
 z - a potion of lignification
 D - 2 potions of haste


   Skills:
 + Level 8.3 Fighting
 * Level 14.0 Long Blades
 + Level 9.6 Throwing
 + Level 7.9 Armour
 - Level 2.1 Dodging
 * Level 9.6 Shields


You had 10 spell levels left.
You didn't know any spells.
Your spell library was empty.

Dungeon Overview and Level Annotations

Branches:
Dungeon (11/15)            Temple (0/1) D:6             Orc (1/2) D:10
   Lair: D:8-11

Altars:
Ashenzari
Cheibriados
Dithmenos
Elyvilon
Kikubaaqudgha
Makhleb
Nemelex Xobeh
Okawaru
Qazlal
Sif Muna
Wu Jian
Xom
Zin

Shops:
D:4 (   D:5 ?


Innate Abilities, Weirdness & Mutations

You have a pair of horns on your head.
You reflexively headbutt those who attack you in melee.


Message History

You puncture the skeletal warrior!
The skeletal warrior is lightly damaged.
You hit the skeletal warrior but do no damage.
Your headbutt misses the skeletal warrior.
The skeletal warrior is lightly damaged.
The skeletal warrior hits you but does no damage.
You hit the skeletal warrior.
The skeletal warrior is lightly damaged.
You impale the skeletal warrior!!
The skeletal warrior is heavily damaged.
You are no longer berserk.
You are exhausted.
You feel yourself slow down. The skeletal warrior barely misses you.
You closely miss the skeletal warrior.
Your headbutt misses the skeletal warrior.
The skeletal warrior is heavily damaged.
The skeletal warrior barely misses you.
You puncture the skeletal warrior! You headbutt the skeletal warrior.
The skeletal warrior is severely damaged.
The skeletal warrior hits you with a +0 war axe!!
You hit the skeletal warrior.
The skeletal warrior is severely damaged.
The skeletal warrior hits you with a +0 war axe.
* * * LOW HITPOINT WARNING * * *
You hit the skeletal warrior but do no damage.
You headbutt the skeletal warrior, but do no damage.
The skeletal warrior is severely damaged.
The skeletal warrior hits you with a +0 war axe.
* * * LOW HITPOINT WARNING * * *
You hit the skeletal warrior.
The skeletal warrior is severely damaged.
You block the skeletal warrior's attack. x2
You hit the skeletal warrior.
The skeletal warrior is severely damaged.
The skeletal warrior hits you with a +0 war axe!
* * * LOW HITPOINT WARNING * * *
You closely miss the skeletal warrior.
The skeletal warrior is severely damaged.
The skeletal warrior hits you with a +0 war axe!!
You die...

###..................##≈≈.))#
#(≈..........[.......#)≈≈...#
#####################'[≈≈.#.#
≈≈≈≈≈≈≈≈≈≈≈≈≈≈≈≈≈≈≈≈≈≈≈8≈.#.#
≈≈≈≈≈≈≈≈≈≈≈≈≈≈≈≈≈≈≈≈≈≈≈≈8...#
...............[............#
####.####..###.###........#.#
#.........#.##.........#.#
#####........@z..........#
#.###.####....>....### #.#
#.# ##........# #.#
#.#####........# #.#
#.......######## #.#
######### #.# #.# #.#


You could see a skeletal warrior.

Vanquished Creatures
  Snorg (D:10)
  2 two-headed ogres
  A skeletal warrior (D:10)
  A wizard (D:9)
  3 centaur zombies (D:10)
  Joseph (D:10)
  A kobold demonologist (D:9)
  Sigmund (D:5)
  2 wraiths
  2 wyverns (D:7)
  6 yaks (D:9)
  A steam dragon (D:6)
  A water moccasin (D:8)
  2 sky beasts
  9 orc warriors
  An ice beast (D:4)
  A black bear (D:3)
  3 ogres
  3 centaurs
  A bullfrog (D:7)
  A gnoll sergeant (D:8)
  5 scorpions
  4 killer bees (D:7)
  17 wights
  3 electric eels (D:10)
  A howler monkey (D:6)
  A crimson imp (D:8)
  A bullfrog zombie (D:7)
  4 hounds
  A jelly (D:4)
  12 orc priests
  A bullfrog skeleton (D:5)
  9 orc wizards
  An iguana (D:4)
  Ijyb (D:3)
  Terence (D:3)
  Natasha (thrice) (D:2)
  2 killer bee zombies
  5 gnolls (D:8)
  9 adders
  2 howler monkey skeletons
  A shadow imp (D:6)
  2 white imps
  2 ufetubi
  An adder zombie (D:5)
  3 worms
  2 dart slugs
  40 orcs
  12 ball pythons
  4 bats
  8 endoplasms
  4 giant cockroaches
  8 goblins
  4 hobgoblins
  5 quokkas
  2 frilled lizards
  5 kobolds
  4 rats
234 creatures vanquished.

Vanquished Creatures (collateral kills)
  A hydra (D:9)
  A skeletal warrior (D:11)
2 creatures vanquished.

Vanquished Creatures (others)
  A quokka (D:10)
  20 plants (D:10)
21 creatures vanquished.

Grand Total: 257 creatures vanquished

Notes
Turn   | Place    | Note
-------+----------+-------------------------------------------
     0 | D:1      | nicanaca0 the Minotaur Berserker began the quest for the
                  | Orb.
     0 | D:1      | Reached XP level 1. HP: 19/19 MP: 0/0
   261 | D:1      | Reached skill level 4 in Long Blades
   435 | D:1      | Reached XP level 2. HP: 26/26 MP: 1/1
   953 | D:2      | Reached skill level 5 in Long Blades
  1206 | D:2      | Reached XP level 3. HP: 30/31 MP: 2/2
  1258 | D:2      | Noticed Natasha
  1267 | D:2      | Killed Natasha
  1268 | D:2      | Reached skill level 1 in Throwing
  1268 | D:2      | Reached XP level 4. HP: 11/39 MP: 3/3
  1615 | D:2      | Reached ** piety under Trog
  1966 | D:2      | Noticed Natasha
  1974 | D:2      | Killed Natasha
  1975 | D:2      | Reached skill level 6 in Long Blades
  2033 | D:2      | Noticed Natasha
  2040 | D:2      | Killed Natasha
  2041 | D:2      | Reached XP level 5. HP: 27/45 MP: 4/4
  2286 | D:3      | Noticed Ijyb
  2297 | D:3      | Killed Ijyb
  2728 | D:3      | Noticed Terence
  2738 | D:3      | HP: 1/45 [Terence (16)]
  2744 | D:3      | Killed Terence
  2745 | D:3      | Reached skill level 7 in Long Blades
  3203 | D:4      | Noticed a black bear
  3220 | D:3      | Killed a black bear
  3221 | D:3      | Reached XP level 6. HP: 47/51 MP: 5/5
  3580 | D:4      | Reached skill level 8 in Long Blades
  4319 | D:4      | Reached XP level 7. HP: 57/57 MP: 6/6
  4437 | D:4      | Found Waruk's Weapon Boutique.
  4469 | D:4      | Reached *** piety under Trog
  4743 | D:5      | Entered Level 5 of the Dungeon
  4755 | D:4      | Reached skill level 9 in Long Blades
  5125 | D:5      | Found Umeojol's Magic Scroll Emporium.
  5136 | D:5      | Bought a scroll of teleportation for 30 gold pieces
  5136 | D:5      | Bought a scroll of identify for 20 gold pieces
  5136 | D:5      | Bought a scroll of identify for 20 gold pieces
  5136 | D:5      | Bought a scroll of identify for 20 gold pieces
  5208 | D:5      | Noticed Sigmund
  5232 | D:5      | Killed Sigmund
  5233 | D:5      | Reached skill level 10 in Long Blades
  5233 | D:5      | Reached skill level 5 in Throwing
  5233 | D:5      | Reached XP level 8. HP: 58/64 MP: 7/7
  5523 | D:5      | Found an ornate altar of the Wu Jian Council.
  5785 | D:6      | Found a staircase to the Ecumenical Temple.
  5926 | D:6      | Reached skill level 11 in Long Blades
  6033 | D:6      | Found a shadowy altar of Dithmenos.
  6039 | D:6      | Found an ancient bone altar of Kikubaaqudgha.
  6040 | D:6      | Found a broken altar of Ashenzari.
  6040 | D:6      | Found a stormy altar of Qazlal.
  6042 | D:6      | Found an iron altar of Okawaru.
  6043 | D:6      | Found a shimmering blue altar of Sif Muna.
  6044 | D:6      | Found a snail-covered altar of Cheibriados.
  6256 | D:7      | Reached skill level 1 in Shields
  6272 | D:7      | HP: 3/67 [orc priest/divine providence (12)]
  6273 | D:7      | HP: 1/67 [poisoned by an orc priest]
  6424 | D:7      | Reached skill level 5 in Fighting
  6427 | D:7      | Reached XP level 9. HP: 59/74 MP: 8/8
  7297 | D:8      | Identified 2 scrolls of acquirement
  7297 | D:8      | Acquired 1226 gold pieces
  7298 | D:8      | Acquired a manual of Throwing
  7313 | D:8      | Reached skill level 5 in Armour
  7375 | D:8      | Identified the +8 mace of Hida {freeze, rPois rF- Str+6
                  | Dex+2}
  7478 | D:8      | Reached **** piety under Trog
  7568 | D:8      | Identified the +11 rapier "Cookie Cutter" {drain, Int+3}
  7599 | D:8      | Reached skill level 12 in Long Blades
  7599 | D:8      | Reached skill level 5 in Shields
  7774 | D:8      | Found a sparkling altar of Nemelex Xobeh.
  7820 | D:8      | You fall into a shaft and drop 2 floors!
  7820 | D:10     | Entered Level 10 of the Dungeon
  7826 | D:10     | Noticed a two-headed ogre
  7834 | D:10     | Killed a two-headed ogre
  7835 | D:10     | Reached XP level 10. HP: 67/84 MP: 9/9
  8131 | D:8      | Found a shimmering altar of Xom.
  8133 | D:8      | Found a burning altar of Makhleb.
  8682 | D:9      | Noticed a two-headed ogre
  8691 | D:9      | Noticed a wizard
  8692 | D:9      | Killed a two-headed ogre
  8702 | D:9      | Killed a wizard
  8741 | D:9      | Noticed a four-headed hydra
  8748 | D:9      | Killed a four-headed hydra
  8749 | D:9      | Reached skill level 13 in Long Blades
  8931 | D:9      | Reached XP level 11. HP: 92/92 MP: 10/10
  9315 | D:10     | Noticed Joseph
  9330 | D:10     | Killed Joseph
 10109 | D:10     | Found a white marble altar of Elyvilon.
 10654 | D:10     | Reached ***** piety under Trog
 10818 | D:10     | Found a staircase to the Orcish Mines.
 10859 | D:10     | Found a glowing silver altar of Zin.
 11122 | D:11     | Noticed a brown ugly thing
 11205 | Orc:1    | Entered Level 1 of the Orcish Mines
 11207 | Orc:1    | Noticed Snorg
 11230 | D:10     | Killed Snorg
 11762 | D:11     | Noticed a skeletal warrior
 11762 | D:11     | Noticed a skeletal warrior
 11762 | D:11     | Noticed a skeletal warrior
 11766 | D:11     | Noticed a skeletal warrior
 11768 | D:11     | Noticed a skeletal warrior
 11787 | D:11     | Killed a skeletal warrior
 11823 | D:10     | Killed a skeletal warrior
 11824 | D:10     | Reached skill level 14 in Long Blades
 11835 | D:10     | Mangled by a skeletal warrior

Illustrated notes

Levels and vault maps discovered:
D:1:      beargit_arrival_greenhouse, layout_basic
D:2:      layout_loops_ring, minmay_between, uniq_natasha
D:3:      layout_rooms, uniq_terence, uniq_ijyb
D:4:      layout_basic, serial_shops, shop, nrook_mini_backslash
D:5:      layout_rooms, nzn_wu_jian_council_hall, serial_shops,
          nicolae_shop_statue_plus, kennysheep_cluttered_room, uniq_sigmund
D:6:      layout_rooms, minitemple, minmay_temple_entry_overgrown
D:7:      layout_basic, corner_web_ring
D:8:      layout_layer_cave, grunt_temple_overflow_champion_of_chaos,
          nemelex_spade_bored_becter
D:9:      minmay_curly_fans, layout_basic
D:10:     layout_loops_ring, zin_academy, elyvilon_altar_4, erik_orc_2,
          serial_bayou_lake_a, uniq_joseph
D:11:     layout_irregular_city, dpeg_oklobed_lair
Orc:1:    layout_caves, mines_bat_river, uniq_snorg

Skill      XL: |  1  2  3  4  5  6  7  8  9 10 11 |
---------------+----------------------------------+-----
Long Blades    | 4 5 6 7 8 10 11 12 13 14 | 14.0
Throwing       | 1 3 5 7 8 9 |  9.6
Fighting       | 5 6 7 8 |  8.3
Armour         | 4 5 7 |  7.9
Shields        | 2 5 8 9 |  9.6
Dodging        | |  2.1

Action                   |  1- 3 |  4- 6 |  7- 9 | 10-12 || total
-------------------------+-------+-------+-------+-------++-------
Melee: Falchion          |    46 |    62 |       |       ||   108
       Headbutt          |     4 |    17 |    35 |    42 ||    98
       Short sword       |       |    53 |   173 |       ||   226
       Rapier            |       |       |    14 |   194 ||   208
Throw: Stone             |    37 |   117 |   161 |   199 ||   514
       Javelin           |       |     1 |     1 |     2 ||     4
       Boomerang         |       |       |    56 |       ||    56
       Dart              |       |       |    23 |    15 ||    38
Invok: Berserk           |     1 |     2 |     1 |     2 ||     6
       Trog's Hand       |       |       |     3 |     1 ||     4
       Brothers in Arms  |       |       |       |     2 ||     2
Evoke: Wand              |       |       |     1 |     3 ||     4
  Use: Scroll            |       |     4 |     9 |     2 ||    15
       Potion            |       |     3 |     2 |       ||     5
Armor: Animal skin       |     4 |       |       |       ||     4
       Leather armour    |     9 |     5 |       |       ||    14
       Scale mail        |       |    10 |       |       ||    10
       Chain mail        |       |    21 |    35 |       ||    56
       Plate armour      |       |       |    42 |    61 ||   103
Dodge: Dodged            |    19 |    47 |    78 |    36 ||   180
Block: Buckler           |       |       |    18 |    76 ||    94
       Reflection        |       |       |       |     7 ||     7

Table legend: (Time is in decaauts)
 A = Elapsed time spent in this place.
 B = Non-inter-level travel time spent in this place.
 C = Inter-level travel time spent in this place.
 D = Time resting spent in this place.
 E = Time spent auto-exploring this place.
 F = Levels seen in this place.
 G = Mean time per level.
                   A        B        C        D        E       F      G
               +--------+--------+--------+--------+--------+-----+--------+
         Total |  11764 |  11236 |    528 |   1318 |   7925 |  12 |  980.3 |
       Dungeon |  11753 |  11226 |    527 |   1318 |   7925 |  11 | 1068.5 |
  Orcish Mines |     11 |     11 |      0 |      0 |      0 |   1 |   11.0 |
               +--------+--------+--------+--------+--------+-----+--------+

Top non-repeatable levels by time:
    D:10: 2466 daAuts
     D:4: 1509 daAuts
     D:2: 1392 daAuts
     D:7: 1174 daAuts
     D:9: 1061 daAuts
     D:3: 1021 daAuts
     D:1: 873 daAuts
     D:5: 837 daAuts
     D:8: 756 daAuts
     D:6: 550 daAuts
    D:11: 111 daAuts
   Orc:1: 11 daAuts
